 Dungeon Crawl Stone Soup version 0.31-a0-165-g3f4f80340b (webtiles) character file.

Game seed: 14053154273223275010

212 qw the Shooter (level 5, -4/33 HPs)
             Began as a Gargoyle Hunter on June 13, 2023.
             Was an Initiate of Okawaru.
             Slain by a gnoll
             ... wielding a +0 club
              (5 damage)
             ... on level 4 of the Dungeon.
             The game lasted 00:01:03 (2297 turns).

qw the Shooter (Gargoyle Hunter)                    Turns: 2297, Time: 00:01:03

Health: -4/33      AC: 10    Str: 15    XL:     5   Next: 90%
Magic:  5/5        EV: 11    Int:  9    God:    Okawaru [......]
Gold:   176        SH:  0    Dex: 18    Spells: 4/4 levels left

rFire   . . .        Y - +1 shortbow
rCold   + . .        (shield currently unavailable)
rNeg    + . .        i - +0 ring mail {Will+}
rPois   inf          o - +0 helmet
rElec   +            (no cloak)
rCorr   .            (no gloves)
SInv    +            (no boots)
Will    +....        (no amulet)
Stlth   +            b - ring of see invisible
HPRegen 0.25/turn    c - ring "Ditwel" {rC+ Dex+3}
MPRegen 0.09/turn

%: no passive effects
@: about to teleport
A: sickness immunity, AC +4, negative energy resistance 1, electricity
resistance, torment resistance 1, petrification resistance
a: Renounce Religion


You were on level 4 of the Dungeon.
You worshipped Okawaru.
Okawaru was noncommittal.
You visited 2 branches of the dungeon, and saw 5 of its levels.

You collected 176 gold pieces.


Innate Abilities, Weirdness & Mutations

You are immune to sickness and miasma.
Your stone body is resilient. (AC +4)
You are immune to poison.
You resist negative energy. (rN+)
You are resistant to electric shocks. (rElec)
You are resistant to unholy torment.
You are immune to petrification.


   Skills:
 + Level 3.8 Fighting
 - Level 6.1 Ranged Weapons
 - Level 1.0 Armour
 - Level 1.5 Dodging
 - Level 1.1 Stealth


You had 4 spell levels left.
You didn't know any spells.
Your spell library was empty.

Inventory:

Hand Weapons
 Y - a +1 shortbow (weapon)
Armour
 i - a +0 ring mail of willpower (worn)
 o - a +0 helmet (worn)
Jewellery
 b - a ring of see invisible (left hand)
 c - the ring "Ditwel" (right hand) {rC+ Dex+3}
   (You found it on level 2 of the Dungeon)

   [ring of protection from cold]

   Dex:       It affects your dexterity (+3).
   rC:        It protects you from cold.
 q - a +4 ring of protection
Potions
 a - a potion of brilliance {unknown}
 d - a potion of attraction {unknown}
 f - a potion of cancellation {unknown}
 g - a potion of berserk rage {unknown}
 h - a potion of magic {unknown}
 j - a potion of mutation {unknown}
 k - a potion of ambrosia {unknown}
 l - a potion of degeneration {unknown}
 m - a potion of might
 n - a potion of lignification
 p - a potion of enlightenment {unknown}

Dungeon Overview and Level Annotations

Branches:
Dungeon (4/15)             Temple (1/1) D:4

Altars:
Gozag
Kikubaaqudgha
Nemelex Xobeh
Okawaru
Qazlal
Trog
Uskayaw
Xom


Message History

The phantom barely misses you.
You shoot an arrow. The arrow hits the phantom.
The phantom is moderately damaged.
The phantom hits you but does no damage.
You shoot an arrow. The arrow hits the phantom!
The phantom is heavily damaged.
The phantom hits you but does no damage.
You shoot an arrow. The arrow closely misses the phantom.
The phantom hits you but does no damage.
You shoot an arrow. The arrow barely misses the phantom.
The gnoll barely misses you. The phantom misses you.
You shoot an arrow. The arrow barely misses the phantom.
The gnoll barely misses you. The phantom hits you. The gnoll barely misses you.
The gnoll closely misses you. The phantom closely misses you.
You shoot an arrow. The arrow hits the phantom.
The phantom is heavily damaged.
The gnoll hits you but does no damage. x2; The gnoll barely misses you.
The phantom hits you but does no damage.
You shoot an arrow.
The arrow hits the phantom but does no damage.
The phantom is heavily damaged.
The gnoll hits you from afar with a +0 spear.
The gnoll barely misses you. The hobgoblin barely misses you.
The gnoll hits you with a +0 club. The phantom hits you.
2295 ||| READING scroll of teleportation.
As you read the scroll of teleportation, it crumbles to dust.
You feel strangely unstable. The gnoll closely misses you.
The gnoll hits you with a +0 club. The hobgoblin misses you.
The gnoll barely misses you. The phantom completely misses you.
You shoot an arrow. The arrow closely misses the phantom.
The gnoll hits you from afar with a +0 spear.
The hobgoblin closely misses you. The gnoll barely misses you.
The gnoll hits you but does no damage.
The phantom hits you but does no damage.
You shoot an arrow.
The arrow hits the phantom but does no damage.
The phantom is heavily damaged.
The gnoll hits you but does no damage. The gnoll hits you with a +0 club.
You die...

#............... #.
#..............( #(
#........)###### #.
#.......J.#
#.##.........#
#####...........ยค#
#.....J..........#
#./..gggg..#######
#.....@W...#
########...# #...#
.# #


You could see a phantom, 3 gnolls, an endoplasm and a hobgoblin.

Vanquished Creatures
  A jelly (D:4)
  Natasha (thrice) (D:3)
  A gnoll (D:4)
  4 adders
  2 worms
  3 dart slugs
  An orc (D:3)
  5 bats
  5 endoplasms
  A giant cockroach (D:2)
  8 goblins
  3 hobgoblins
  2 jackals (D:1)
  3 quokkas
  2 ball pythons
  4 frilled lizards
  3 kobolds
  A rat (D:1)
52 creatures vanquished.

Notes
Turn   | Place    | Note
-------+----------+-------------------------------------------
     0 | D:1      | qw the Gargoyle Hunter began the quest for the Orb.
     0 | D:1      | Reached XP level 1. HP: 12/12 MP: 1/1
     0 | D:1      | 0 ||| qw: Version: 0.2-a-29-gc1b59c4
     0 | D:1      | 0 ||| qw: Game counter: 4761
     0 | D:1      | 0 ||| qw: Always use a shield: true
     0 | D:1      | 0 ||| qw: God list: Okawaru
     0 | D:1      | 0 ||| qw: Allow faded altars: false
     0 | D:1      | 0 ||| qw: Do Orc after D:15 true
     0 | D:1      | 0 ||| qw: Do second Lair branch before Depths: true
     0 | D:1      | 0 ||| qw: Lair rune preference: random
     0 | D:1      | 0 ||| qw: Plans: Normal, Zot:1-4, Slime:5, God:TSO, Crypt,
                  | Tomb, Abyss, Pan, Hells, Win
     0 | D:1      | 0 ||| PLANNING D:1-11
    92 | D:1      | Reached XP level 2. HP: 17/17 MP: 2/2
   394 | D:1      | Reached XP level 3. HP: 21/21 MP: 3/3
   557 | D:1      | 557 ||| UPGRADING to +0 ring mail of willpower.
   567 | D:1      | 567 ||| DROPPING +0 leather armour.
   568 | D:1      | 568 ||| READING scroll labelled UNNEOWI WANA.
   569 | D:1      | 569 ||| READING scroll labelled YSUPABB RAUZ.
   570 | D:1      | 570 ||| READING scroll labelled SOPOAKORAP.
   575 | D:1      | 575 ||| READING scroll labelled ULEMOE OHOTERPH.
   576 | D:1      | 576 ||| READING scroll labelled SILUFYECVOWK.
   577 | D:1      | 577 ||| DRINKING 2 dark potions.
   603 | D:1      | 603 ||| DROPPING scroll of butterflies.
   679 | D:2      | Reached skill level 1 in Armour
   742 | D:2      | Identified the ring "Ditwel" {rC+ Dex+3}
   810 | D:2      | Reached skill level 5 in Ranged Weapons
   985 | D:2      | Reached XP level 4. HP: 27/27 MP: 4/4
  1174 | D:2      | 1174 ||| UPGRADING to ring of see invisible.
  1175 | D:2      | 1175 ||| UPGRADING to ring "Ditwel" {rC+ Dex+3}.
  1176 | D:2      | 1176 ||| READING scroll labelled HAFRARPH IHIT.
  1177 | D:2      | 1177 ||| READING scroll labelled TIHU QEILIP.
  1178 | D:2      | 1178 ||| READING scroll labelled TUT ATOTESCHI.
  1179 | D:2      | 1179 ||| DRINKING 2 bubbling white potions.
  1186 | D:2      | Reached skill level 3 in Fighting
  1394 | D:3      | Noticed Natasha
  1402 | D:3      | Killed Natasha
  1629 | D:3      | Noticed Natasha
  1638 | D:3      | Killed Natasha
  1639 | D:3      | Reached XP level 5. HP: 21/32 MP: 5/5
  1753 | D:3      | Noticed Natasha
  1761 | D:3      | Killed Natasha
  1762 | D:3      | Reached skill level 6 in Ranged Weapons
  2026 | D:3      | 2026 ||| UPGRADING to +0 helmet.
  2094 | D:4      | Found a staircase to the Ecumenical Temple.
  2095 | D:4      | 2095 ||| PLANNING TEMPLE
  2103 | Temple   | Entered the Ecumenical Temple
  2124 | Temple   | 2124 ||| PLANNING OKAWARU WORSHIP
  2230 | Temple   | Became a worshipper of Warmaster Okawaru
  2230 | Temple   | 2230 ||| PLANNING D:1-11
  2273 | D:4      | Noticed a phantom
  2294 | D:4      | HP: 7/33 [phantom (3)]
  2295 | D:4      | 2295 ||| READING scroll of teleportation.
  2296 | D:4      | HP: 1/33 [gnoll/+0 spear (4)]
  2297 | D:4      | Slain by a gnoll

Levels and vault maps discovered:
D:1:      shiori_arrival_maze, layout_basic, hex_intersection
D:2:      layout_basic
D:3:      layout_loops_cross, serial_bayou_pond_b, uniq_natasha
D:4:      layout_basic, minmay_temple_entry_drinking_statues,
          chequers_serial_rivers_small_3, minmay_ogre_servants
Temple:   nicolae_temple_godpark

Skill      XL: |  1  2  3  4  5 |
---------------+----------------+-----
Armour         | 1 |  1.0
Ranged Weapons | 5 6 |  6.1
Fighting       | 3 |  3.8
Dodging        | |  1.5
Stealth        | |  1.1

Action                     |  1- 3 |  4- 6 || total
---------------------------+-------+-------++-------
   Fire: Shortbow          |   114 |   113 ||   227
    Use: Scroll            |     5 |     4 ||     9
         Potion            |     1 |     1 ||     2
 Armour: Leather armour    |     8 |       ||     8
         Ring mail         |    10 |    41 ||    51
  Dodge: Dodged            |    36 |    56 ||    92

Table legend:
 A = Non-vault XP
 B = Vault XP
 C = Vault XP percentage of total XP
 D = Non-vault monster count
 E = Vault monster count
 F = Vault count percentage of total count
                 A         B        C        D         E       F
            +---------+---------+-------+---------+---------+-------
      Total |     246 |      58 |  19.1 |      46 |       6 |  11.5
            +---------+---------+-------+---------+---------+-------
        D:1 |      31 |       3 |   8.8 |      17 |       2 |  10.5
        D:2 |      55 |       0 |   0.0 |      16 |       0 |   0.0
        D:3 |     102 |      55 |  35.0 |      10 |       4 |  28.6
        D:4 |      58 |       0 |   0.0 |       3 |       0 |   0.0
            +---------+---------+-------+---------+---------+-------
